 Dungeon Crawl Stone Soup version 0.17.1-1-g73c8601 (webtiles) character file.

1113 Killerpretzel the Destroyer (level 8, 0/42 HPs)
             Began as a Deep Elf Conjurer on Dec 29, 2015.
             Slain by a killer bee (7 damage)
             ... on level 7 of the Dungeon.
             The game lasted 00:34:20 (6869 turns).

Killerpretzel the Destroyer (Deep Elf Conjurer)     Turns: 6869, Time: 00:34:20

Health: 0/42       AC:  2    Str:  7    XL:     8   Next: 12%
Magic:  1/14       EV: 13    Int: 21    God:
Gold:   235        SH:  0    Dex: 15    Spells: 3 memorised, 5 levels left

rFire  + . .     SeeInvis .     r - +0 dagger (elec)
rCold  + . .     Clarity  .     a - +0 robe
rNeg   . . .     SustAt   .     (no shield)
rPois  +         Gourm    .     (no helmet)
rElec  +         Spirit   .     (no cloak)
rCorr  +         Warding  .     (no gloves)
rMut   +         Stasis   .     (no boots)
MR     +....                    z - amulet of resist mutation
Stlth  ++........               (no ring)
                                f - ring of protection from magic

@: lethally poisoned (0 -> -11), resistant, somewhat resistant to hostile
enchantments, unstealthy
A: no striking features
a: no special abilities


You were on level 7 of the Dungeon.
You were hungry.

You visited 1 branch of the dungeon, and saw 7 of its levels.

You collected 235 gold pieces.

Inventory:

Hand Weapons
 e - a +0 dagger
 m - a +0 spear
 p - a +0 short sword
 r - a +0 dagger of electrocution (weapon)
 C - a +1 flail of crushing
 M - a cursed -2 whip
Missiles
 g - 13 bolts of flame
 h - 18 sling bullets
 l - 185 stones
 y - 11 tomahawks (quivered)
 F - a throwing net
Armour
 a - a +0 robe (worn)
 k - a +1 cloak
 u - a +0 buckler
 A - the +6 chain mail "Pipupp" {rPois rN+, unknown}
   (You found it on level 4 of the Dungeon)

   It protects you from poison.
   It protects you from negative energy.
 G - a +0 pair of gloves
 H - a +3 ring mail
Jewellery
 f - a ring of protection from magic (left hand)
 z - an amulet of resist mutation (around neck)
Wands
 D - a wand of flame (14)
 I - a wand of draining (4)
Scrolls
 q - 4 scrolls of remove curse {unknown}
 x - 5 scrolls of teleportation {unknown}
 J - a scroll of random uselessness {unknown}
 K - 2 scrolls of enchant weapon {unknown}
 N - a scroll of identify
Potions
 d - a potion of agility {unknown}
 i - a potion of lignification {unknown}
 j - 2 potions of haste {unknown}
 n - a potion of resistance
 s - a potion of degeneration {unknown}
 B - a potion of mutation {unknown}
 E - a potion of berserk rage {unknown}
Books
 b - a book of Conjurations

   Spells                             Type                      Level
   a - Magic Dart                     Conjuration                  1
   b - Searing Ray                    Conjuration                  2
   c - Dazzling Spray                 Conjuration/Hexes            3
   d - Fulminant Prism                Conjuration/Hexes            4
   e - Iskenderun's Mystic Blast      Conjuration                  4
   f - Iskenderun's Battlesphere      Conjuration/Charms           5
 t - a book of Clouds

   Spells                             Type                      Level
   a - Mephitic Cloud                 Conjuration/Poison/Air       3
   b - Conjure Flame                  Conjuration/Fire             3
   c - Poisonous Cloud                Conjuration/Poison/Air       6
   d - Freezing Cloud                 Conjuration/Ice/Air          6
   e - Ring of Flames                 Charms/Fire                  7
Miscellaneous
 o - a plain deck of defence
Comestibles
 c - 4 bread rations
 v - a slice of pizza
 w - 4 beef jerkies


   Skills:
 - Level 0.4 Fighting
 - Level 0.4 Throwing
 - Level 2.4 Dodging
 - Level 2.4 Stealth
 - Level 3.0 Spellcasting
 + Level 9.5 Conjurations
 + Level 7.0 Charms
 - Level 2.0 Evocations


You had 5 spell levels left.
You knew the following spells:

 Your Spells              Type           Power        Failure   Level  Hunger
a - Magic Dart            Conj           ####         1%          1    None
b - Searing Ray           Conj           #####.       1%          2    ##.....
w - Iskenderun's Battles  Conj/Chrm      #####...     14%         5    ######.


Dungeon Overview and Level Annotations

Branches:
Dungeon (7/15)
 Temple: D:4-7

Altars:
Elyvilon
Kikubaaqudgha
Nemelex Xobeh
Ru
Trog


Message History

You are poisoned.
The killer bee poisons you! The killer bee misses you.
Casting: Magic Dart
Confirm with . or Enter, or press ? or * to list all spells.
Aiming: Magic Dart
Press: ? - help, Shift-Dir - straight line, f/p - killer bee
Aim: a killer bee (magical condensation, almost dead)
The magic dart hits the killer bee.
The killer bee is almost dead.
* * * LOW MAGIC WARNING * * *
You feel sick. The killer bee stings you.
You are more poisoned.
The killer bee poisons you! The killer bee stings you!
* * * LOW HITPOINT WARNING * * *
Drink which item? (? for menu, Esc to quit)
It was a potion of resistance.
You feel protected.
* * * LOW HITPOINT WARNING * * *
You feel sick. The killer bee stings you!
You die...

######## #...y..#
##########.####.#
#.....@yyyy..# .#
#.########....#.#
#....... #......#
########


You could see 4 killer bees.

Vanquished Creatures
  2 ogres
  A phantom (D:4)
  2 scorpions (D:6)
  A killer bee (D:7)
  4 crimson imps
  A centaur skeleton (D:5)
  2 jellies
  An orc priest (D:5)
  7 worker ants
  An orc wizard (D:5)
  A hound zombie (D:6)
  A mummy (D:4)
  7 adders
  3 gnolls (D:4)
  2 oozes
  A worm (D:2)
  3 giant geckos
  27 orcs
  7 bats
  8 giant cockroaches
  6 goblins
  6 hobgoblins
  4 quokkas
  8 giant newts
  3 jackals (D:1)
  7 kobolds
  A quokka skeleton (D:6)
  10 rats
127 creatures vanquished.

Vanquished Creatures (others)
  A fungus (D:6)
1 creature vanquished.

Grand Total: 128 creatures vanquished

Notes
Turn   | Place    | Note
--------------------------------------------------------------
     0 | D:1      | Killerpretzel the Deep Elf Conjurer began the quest for the Orb.
     0 | D:1      | Reached XP level 1. HP: 10/10 MP: 6/6
   171 | D:1      | Reached XP level 2. HP: 15/15 MP: 4/8
   175 | D:1      | Learned a level 2 spell: Searing Ray
   281 | D:1      | Reached skill level 5 in Conjurations
   991 | D:2      | Reached XP level 3. HP: 19/19 MP: 2/9
  1181 | D:2      | Found a sparkling altar of Nemelex Xobeh.
  1478 | D:2      | Reached skill level 6 in Conjurations
  1548 | D:2      | Reached XP level 4. HP: 24/24 MP: 3/10
  2685 | D:3      | Found a bloodstained altar of Trog.
  2954 | D:4      | Got a bloodstained chain mail
  2961 | D:4      | Noticed a phantom
  3176 | D:4      | Noticed an ogre
  3236 | D:4      | Killed a phantom
  3236 | D:4      | Reached skill level 7 in Conjurations
  3236 | D:4      | Reached XP level 5. HP: 28/28 MP: 0/11
  3243 | D:4      | Learned a level 5 spell: Iskenderun's Battlesphere
  3430 | D:4      | Killed an ogre
  3430 | D:4      | Reached skill level 1 in Evocations
  3430 | D:4      | Reached XP level 6. HP: 33/33 MP: 5/12
  3684 | D:4      | Reached skill level 1 in Charms
  3784 | D:4      | Reached skill level 8 in Conjurations
  4256 | D:5      | Entered Level 5 of the Dungeon
  4409 | D:5      | Reached XP level 7. HP: 34/37 MP: 4/13
  4991 | D:5      | Found an ancient bone altar of Kikubaaqudgha.
  5092 | D:5      | Reached skill level 5 in Charms
  5148 | D:5      | Found a sacrificial altar of Ru.
  6184 | D:6      | Reached skill level 9 in Conjurations
  6551 | D:6      | Found a white marble altar of Elyvilon.
  6577 | D:6      | Reached XP level 8. HP: 42/42 MP: 7/14
  6851 | D:6      | You fall through a shaft!
  6869 | D:7      | Slain by a killer bee

Action                   |  1- 3 |  4- 6 |  7- 9 || total
-------------------------+-------+-------+-------++-------
Melee: Dagger            |       |    16 |       ||    16
Throw: Stone             |       |     2 |       ||     2
       Tomahawk          |       |     1 |       ||     1
 Cast: Magic Dart        |    78 |   114 |    77 ||   269
       Searing Ray       |     2 |    13 |    12 ||    27
       Iskenderun's Batt |       |       |     4 ||     4
  Use: Scroll            |     2 |     2 |     2 ||     6
       Potion            |       |       |     3 ||     3
  Eat: Chunk             |     1 |     8 |     8 ||    17
       Fruit             |       |     2 |       ||     2
       Pizza             |       |       |     1 ||     1
